 Dungeon Crawl Stone Soup version 0.24-a0-282-g1a68c91 (webtiles) character file.

Game seed: 8562661265496497255

182 Ijustatesigmund the Cudgeler (level 5, 0/36 HPs)
             Began as an Octopode Fighter on May 3, 2019.
             Slain by a centaur (6 damage)
             ... on level 3 of the Dungeon.
             The game lasted 00:04:07 (2738 turns).

Ijustatesigmund the Cudgeler (Octopode Fighter)     Turns: 2738, Time: 00:04:08

Health: 0/36       AC:  1    Str: 15    XL:     5   Next: 61%
Magic:  5/5        EV: 11    Int: 11    God:
Gold:   79         SH:  8    Dex: 12    Spells: 4/4 levels left

rFire    . . .     SeeInvis .   a - +0 flail
rCold    . . .     Gourm    .   b - +0 shield
rNeg     + . .     Faith    .   (helmet restricted)
rPois    .         Spirit   .   h - amulet of the acrobat
rElec    .         Reflect  .   l - ring of positive energy
rCorr    .         Harm     .   (no ring)
MR       .....                  (no ring)
Stlth    ++........             (no ring)
HPRegen  0.12/turn              (no ring)
MPRegen  0.09/turn              (no ring)
                                (no ring)
                                (no ring)

@: about to teleport, very slightly contaminated, invisible
A: almost no armour, stealthy swim, amphibious, 8 rings, constrict 8, camouflage
1, gelatinous body 1
a: no special abilities


You were on level 3 of the Dungeon.
You were not hungry.

You visited 1 branch of the dungeon, and saw 3 of its levels.

You collected 79 gold pieces.

Inventory:

Hand Weapons
 a - a +0 flail (weapon)
Armour
 b - a +0 shield (worn)
Jewellery
 g - an uncursed amulet of faith
 h - an amulet of the acrobat (around mantle)
 l - a ring of positive energy (left tentacle)
Scrolls
 j - 2 scrolls of remove curse {unknown}
 m - a scroll of random uselessness {unknown}
 n - 2 scrolls of identify
 o - a scroll of amnesia {unknown}
Potions
 c - a potion of might
 f - a potion of lignification
 k - a potion of heal wounds {unknown}
Comestibles
 d - 6 rations


   Skills:
 + Level 3.0 Fighting
 + Level 5.6 Maces & Flails
 - Level 3.0 Dodging
 - Level 3.0 Shields


You had 4 spell levels left.
You didn't know any spells.
Your spell library was empty.

Dungeon Overview and Level Annotations

Branches:
Dungeon (3/15)

Altars:

Annotations:
D:3 Ijyb


Innate Abilities, Weirdness & Mutations

You cannot wear most types of armour.
You are very stealthy in the water. (Stealth+)
You are amphibious.
You can wear up to eight rings at the same time.
You can use your tentacles to constrict eight enemies at once.
Your skin changes colour to match your surroundings (Stealth+).
Your rubbery body absorbs attacks. (AC +1, EV +1)


Message History

The goblin hits you with a +0 dagger.
* * * LOW HITPOINT WARNING * * *
You are too injured to fight recklessly!
You are too injured to fight recklessly!
You are too injured to fight recklessly!
You are too injured to fight recklessly!
You are too injured to fight recklessly!
You are too injured to fight recklessly!
You are too injured to fight recklessly!
You are too injured to fight recklessly!
You are too injured to fight recklessly!
You fade into invisibility!
The centaur hits you.
* * * LOW HITPOINT WARNING * * *
The kobold closely misses you. You block the goblin's attack.
You are very lightly contaminated with residual magic.
As you read the scroll of teleportation, it crumbles to dust.
You feel strangely unstable. The centaur closely misses you.
You block the kobold's attack. The centaur hits you.
You die...

...## +.........#.##.##.# ...#
##...#.#..#.##..... ...#
#..##......##.##.# ...#
##.####..####.##.# ...# ##
.#........###.##.#
...########.###.#............##.#
.........###.#.##....<...######.#
..............%.cg.......# #.#
.........###....@K......)# #.#
...#.#####......(#......[# #.#
...#.# #.#..##(#.......# ..#
...#.# #.<...#.######### .##
...#.# #....#..# ...#.# #...#.#.#
.. #.......# ##.## ... ...


You could see a centaur, a goblin and a kobold.

Vanquished Creatures
  2 orc priests (D:2)
  An orc wizard (D:2)
  4 adders
  An ooze (D:1)
  A worm (D:2)
  A dart slug (D:2)
  A leopard gecko (D:3)
  2 orcs (D:2)
  4 bats (D:1)
  4 giant cockroaches
  3 goblins
  3 hobgoblins
  8 jackals
  9 kobolds
  2 quokkas
  4 frilled lizards
  7 rats
57 creatures vanquished.

Notes
Turn   | Place    | Note
-------+----------+-------------------------------------------
     0 | D:1      | Ijustatesigmund the Octopode Fighter began the quest for
                  | the Orb.
     0 | D:1      | Reached XP level 1. HP: 16/16 MP: 1/1
   312 | D:1      | Reached XP level 2. HP: 21/21 MP: 2/2
   575 | D:1      | Reached skill level 3 in Maces & Flails
  1145 | D:2      | Reached XP level 3. HP: 26/26 MP: 3/3
  1294 | D:2      | Found a faded altar of an unknown god.
  1334 | D:2      | Reached skill level 4 in Maces & Flails
  1461 | D:2      | Reached XP level 4. HP: 31/31 MP: 4/4
  1476 | D:2      | Reached skill level 5 in Maces & Flails
  1476 | D:2      | Reached XP level 5. HP: 16/36 MP: 5/5
  2494 | D:3      | Noticed Ijyb
  2496 | D:3      | Noticed a centaur
  2738 | D:3      | Slain by a centaur

Levels and vault maps discovered:
D:1:      lemuel_arrival_muddy, layout_basic
D:2:      minmay_door_path, layout_loops_ring, chequers_ecumenical_altar_twisty,
          grunt_decor_cap, chequers_mini_garden, hangedman_decor_diamond_cutter
D:3:      layout_loops_cross, gammafunk_temple_overflow_elements, uniq_ijyb,
          uniq_grinder, uniq_jessica

Skill      XL: |  1  2  3  4 |
---------------+-------------+-----
Maces & Flails | 3 4 5 |  5.6
Fighting       | |  3.0
Dodging        | |  3.0
Shields        | |  3.0

Action                   |  1- 3 |  4- 6 || total
-------------------------+-------+-------++-------
Melee: Flail             |    55 |    57 ||   112
       Constrict         |    17 |    13 ||    30
       Tentacles         |    10 |     8 ||    18
  Use: Scroll            |     4 |     2 ||     6
       Potion            |       |     3 ||     3
 Stab: Sleeping          |     7 |     4 ||    11
  Eat: Chunk             |     2 |     2 ||     4
       Ration            |       |     1 ||     1
Armor: Skin              |     3 |     7 ||    10
Dodge: Dodged            |    27 |    40 ||    67
Block: Shield            |    23 |    27 ||    50

Table legend:
 A = Non-vault XP
 B = Vault XP
 C = Vault XP percentage of total XP
 D = Non-vault monster count
 E = Vault monster count
 F = Vault count percentage of total count
                 A         B        C        D         E       F
            +---------+---------+-------+---------+---------+-------
      Total |     253 |       7 |   2.7 |      54 |       3 |   5.3
            +---------+---------+-------+---------+---------+-------
        D:1 |      25 |       0 |   0.0 |      12 |       0 |   0.0
        D:2 |     177 |       7 |   3.8 |      25 |       3 |  10.7
        D:3 |      51 |       0 |   0.0 |      17 |       0 |   0.0
            +---------+---------+-------+---------+---------+-------
